[Event "Team 45 45 League T27"]
[Site "Internet Chess Club"]
[Date "2005.07.26"]
[Round "6"]
[White "DocHoliday"]
[Black "billarvola"]
[Result "1/2-1/2"]
[WhiteElo "1897"]
[BlackElo "2014"]
[TimeControl "2700+45"]

1. e4 e5 2. Nf3 Nc6 3. Bb5 a6 4. Ba4 Nf6 5. O-O Be7 6. Re1 b5 7. Bb3 d6 8. c3
O-O 9. h3 Nb8 10. d4 Nbd7 11. Nbd2 Bb7 12. Bc2 Re8 13. Nf1 Bf8 14. Ng3 g6 15.
Bg5 h6 16. Bd2 c5 17. d5 c4 18. Qc1 Kh7 19. Nh4 Bg7 20. Nhf5 gxf5 21. Nxf5 Ng8
22. Re3 Bf8 23. g4 Nc5 24. Rg3 Bc8 25. g5 Bxf5 26. exf5 Nd3 27. Qd1 Qd7 28. Qg4
f6 29. g6+ Kh8 30. Bxd3 cxd3 31. Kh2 Bg7 32. Rag1 Rac8 33. Rxd3 Qc7 34. b3 Qa5
35. Ra1 Qa3 36. Bc1 Qa5 37. Bb2 Qb6 38. Rf1 a5 39. f4 e4 40. Rd4 a4 41. Re1 axb3
42. axb3 Ra8 43. Qg2 Ra2 44. Rdxe4 Rxe4 45. Rxe4 Qc7 46. Qe2 Qd7 47. Re6 Qc8 48.
Re8 Rxb2 49. Rxg8+ Qxg8 50. Qxb2 Qxd5 51. Qe2 Qxb3 52. Qe8+ Qg8 53. Qxb5 d5 54.
Qc6 Bf8 55. Kg3 Be7 56. Kf3 Qf8 57. Qxd5 Bc5 58. c4 Qe7 59. Qe4 Qa7 60. Kg4 Kg7
61. h4 Qd7 {Game drawn by mutual agreement} 1/2-1/2

[Event "Team 45 45 League T27"]
[Site "Internet Chess Club"]
[Date "2005.07.25"]
[Round "6"]
[White "kabindra"]
[Black "orkid"]
[Result "1-0"]
[WhiteElo "1815"]
[BlackElo "1669"]
[TimeControl "2700+45"]

1. e4 c5 2. Nf3 Nc6 3. d4 cxd4 4. Nxd4 g6 5. Nc3 Bg7 6. Be3 Nf6 7. f3 O-O 8. Bc4
Na5 9. Be2 Nc6 10. Bc4 a6 11. Qd2 Qc7 12. Bb3 Na5 13. O-O-O Nxb3+ 14. cxb3 b5
15. Kb1 d6 16. Bh6 Bb7 17. Bxg7 Kxg7 18. Rc1 Qb6 19. Rhd1 Nd7 20. Qg5 Qd8 21. h4
e5 22. Nf5+ Kh8 23. Qxd8 Raxd8 24. Nxd6 Ba8 25. Nd5 Bxd5 26. Rxd5 Kg8 27. Nb7
Rde8 28. Rxd7 Re6 29. Rcc7 h5 30. Rd6 Rxd6 31. Nxd6 Rd8 32. Rc8 Rf8 33. a4 bxa4
34. bxa4 f5 35. Rxf8+ {Black resigns} 1-0

[Event "Team 45 45 League T27"]
[Site "Internet Chess Club"]
[Date "2005.07.24"]
[Round "6"]
[White "Chessnut"]
[Black "vvsi"]
[Result "1/2-1/2"]
[WhiteElo "1840"]
[BlackElo "1885"]
[TimeControl "2700+45"]

1. e4 c5 2. Nf3 d6 3. d4 cxd4 4. Nxd4 Nf6 5. Nc3 a6 6. Be3 e5 7. Nb3 Be6 8. f3
Nbd7 9. Qd2 Be7 10. g4 h6 11. O-O-O b5 12. Bg2 Nb6 13. Bxb6 Qxb6 14. h4 h5 15.
g5 Nd7 16. Nd5 Bxd5 17. Qxd5 Rc8 18. Kb1 Qc7 19. Qd2 g6 20. Bh3 Ra8 21. f4 Nc5
22. Nxc5 Qxc5 23. f5 gxf5 24. Bxf5 b4 25. g6 fxg6 26. Bxg6+ Kd8 27. Rdf1 Ra7 28.
Qd5 Qxd5 29. exd5 Kc7 30. Rf7 Kb6 31. Rh7 Rxh7 32. Bxh7 Bxh4 33. Bg6 Bg3 34.
Bxh5 Rh7 35. Bf3 Rxh1+ 36. Bxh1 Kc5 37. Kc1 Bf4+ 38. Kd1 Kd4 39. Ke2 e4 40. c3+
bxc3 41. bxc3+ Kxd5 42. c4+ Kd4 43. Bg2 d5 44. cxd5 Kxd5 45. Bh3 Ke5 46. a4 Kd6
47. Bf5 e3 48. Bd3 a5 {Game drawn by mutual agreement} 1/2-1/2

[Event "Team 45 45 League T27"]
[Site "Internet Chess Club"]
[Date "2005.07.22"]
[Round "6"]
[White "ChessicStudent"]
[Black "RingLord"]
[Result "1/2-1/2"]
[WhiteElo "1468"]
[BlackElo "1623"]
[TimeControl "2700+45"]

1. c4 e5 2. g3 Nf6 3. Bg2 Nc6 4. Nc3 Bc5 5. a3 a6 6. e3 O-O 7. Nge2 d6 8. O-O
Re8 9. d3 Ne7 10. b4 Ba7 11. Bb2 c6 12. d4 exd4 13. exd4 d5 14. Qb3 dxc4 15.
Qxc4 Be6 16. Qd3 Qc7 17. Ne4 Nfd5 18. Nc5 Bf5 19. Qd2 Rad8 20. Rfd1 Qc8 21. Nf4
Nf6 22. Bc3 Bb8 23. Nfd3 Ned5 24. Bb2 Ne4 25. Qc2 Nef6 26. Qd2 Re7 27. Rac1 Bh3
28. Re1 Bxg2 29. Kxg2 Rde8 30. Ne5 Ng4 31. Nxg4 Qxg4 32. Rxe7 Rxe7 33. Re1 Nf4+
34. Kg1 Nh3+ 35. Kg2 Nf4+ 36. Kg1 Ne6 37. Re4 Qf5 38. Qe1 Bd6 39. Nxe6 Rxe6 40.
Rxe6 Qxe6 41. Qxe6 fxe6 42. Kg2 Kf7 43. Kf3 g5 44. Ke4 Kg6 45. Bc1 g4 46. Bf4
Bxf4 47. Kxf4 h5 48. Ke5 Kf7 49. a4 Ke7 50. a5 Kd7 51. Kf4 {Game drawn by mutual
agreement} 1/2-1/2

[Event "Team 45 45 League T27"]
[Site "Internet Chess Club"]
[Date "2005.07.24"]
[Round "6"]
[White "room-matt"]
[Black "Mikey29a"]
[Result "1-0"]
[WhiteElo "1819"]
[BlackElo "1676"]
[TimeControl "2700+45"]

1. e4 c5 2. Nf3 Nc6 3. d4 cxd4 4. Nxd4 Nf6 5. Nc3 e5 6. Ndb5 d6 7. Nd5 Nxd5 8.
exd5 Nb8 9. c4 Be7 10. Be2 O-O 11. O-O f5 12. a4 Nd7 13. Rb1 Nf6 14. Nc3 f4 15.
b3 Bf5 16. Rb2 Ne4 17. Nxe4 Bxe4 18. Bg4 Bf5 19. Re1 Qd7 20. Bf3 g5 21. h3 Bf6
22. Rbe2 g4 23. hxg4 Bxg4 24. Bxg4 Qxg4 25. Re4 Qg6 26. Qf3 h5 27. Kf1 Rf7 28.
Ba3 Be7 29. c5 dxc5 30. Rxe5 Bd6 31. Qxh5 Qd3+ 32. R5e2 Re8 33. Qf3 Rh7 34. Kg1
Rxe2 35. Qxe2 Qxd5 36. Rd1 Qc6 37. Qe6+ Kf8 38. Rxd6 {Black resigns} 1-0

[Event "Team 45 45 League T27"]
[Site "Internet Chess Club"]
[Date "2005.07.24"]
[Round "6"]
[White "Kingofknights"]
[Black "fledermaus"]
[Result "0-1"]
[WhiteElo "1726"]
[BlackElo "2056"]
[TimeControl "2700+45"]

1. d4 d5 2. c4 e6 3. Nc3 c6 4. e3 Nf6 5. cxd5 exd5 6. Bd3 Bd6 7. Nge2 O-O 8. O-O
Qc7 9. g3 Re8 10. Qc2 Na6 11. a3 Bh3 12. Rd1 Bg4 13. Kg2 Qd7 14. e4 dxe4 15.
Nxe4 Nxe4 16. Bxe4 Rxe4 17. Qxe4 Re8 18. Qc2 Bxe2 19. Re1 Bf3+ 20. Kxf3 Rxe1 21.
Kg2 Qe6 22. b4 Qd5+ 23. Kh3 Rg1 24. Qe2 Qe6+ 25. Qxe6 fxe6 26. Bb2 Rxa1 27. Bxa1
Nc7 28. Bc3 Nd5 29. Bd2 Kf7 30. f4 h5 31. Kg2 Be7 32. Kf3 Bf6 33. Ke4 g6 34. h3
Nb6 35. g4 hxg4 36. hxg4 Nc4 37. Bc1 b5 38. Kd3 Ke7 39. a4 a6 40. axb5 axb5 41.
Ke4 Kd6 42. f5 exf5+ 43. gxf5 gxf5+ 44. Kxf5 Bxd4 45. Bh6 Kd5 46. Bf8 Bc3 47.
Kf4 Nd6 48. Ke3 Bxb4 49. Kd3 c5 50. Kc2 Ne4 51. Kb3 Be1 52. Be7 c4+ 53. Kc2 b4
54. Kd1 b3 55. Ba3 Bd2 {White resigns} 0-1

[Event "Team 45 45 League T27"]
[Site "Internet Chess Club"]
[Date "2005.07.25"]
[Round "6"]
[White "viking99"]
[Black "StevieBlunder"]
[Result "1-0"]
[WhiteElo "1849"]
[BlackElo "1661"]
[TimeControl "2700+45"]

1. e4 d6 2. d4 Nf6 3. Nc3 g6 4. Be3 Bg7 5. Bc4 O-O 6. Nf3 Nxe4 7. Bxf7+ Rxf7 8.
Nxe4 Bg4 9. c3 Nd7 10. Qb3 Bxf3 11. Ng5 Qe8 12. Nxf7 Qxf7 13. Qxf7+ Kxf7 14.
gxf3 Nb6 15. O-O-O e5 16. Kc2 Nd5 17. dxe5 Nxe3+ 18. fxe3 Bxe5 19. f4 Bf6 20.
Rhe1 Kf8 21. e4 Re8 22. Rd5 h6 23. e5 dxe5 24. fxe5 Bg5 25. e6 Re7 26. Rd8+ Kg7
27. Rd7 Kf6 28. Rxe7 Kxe7 29. Kd3 Bf4 30. h3 g5 31. b4 b6 32. b5 Bd6 33. Kc4 Bf4
34. Kd5 Bd2 35. Rf1 Bf4 36. c4 Bd6 37. Rf7+ Ke8 38. Rh7 Bf8 39. Kc6 {Black
resigns} 1-0

[Event "Team 45 45 League T27"]
[Site "Internet Chess Club"]
[Date "2005.07.24"]
[Round "6"]
[White "Zyme"]
[Black "az2112"]
[Result "0-1"]
[WhiteElo "1553"]
[BlackElo "1676"]
[TimeControl "2700+45"]

1. d4 Nf6 2. c4 g6 3. Nc3 d5 4. cxd5 Nxd5 5. e4 Nxc3 6. bxc3 Bg7 7. Bc4 c5 8.
Ne2 Nc6 9. O-O O-O 10. Be3 Na5 11. Bd3 c4 12. Bc2 Bg4 13. Qd2 b5 14. Rab1 a6 15.
a4 Qb6 16. axb5 axb5 17. Ba4 Bd7 18. Bh6 Rfd8 19. Bxg7 Kxg7 20. Rb2 Nb7 21. Bc2
Nd6 22. Rfb1 Bc6 23. f3 Rd7 24. Kf1 Rda7 25. Qc1 Ra2 26. Rxa2 Rxa2 27. Rb2 Qa5
28. Rxa2 Qxa2 29. Qb1 Qxb1+ 30. Bxb1 Ne8 31. Nc1 Nc7 32. Na2 Na6 33. Ke1 Kf6 34.
Kd1 Kg5 35. g3 e6 36. Ke2 h5 37. h4+ Kf6 38. Ke3 g5 39. e5+ Ke7 40. hxg5 Bb7 41.
Nc1 b4 42. cxb4 Nxb4 43. Ne2 Nd5+ 44. Kd2 c3+ 45. Nxc3 Nxc3 46. Kd3 {White
resigns} 0-1

[Event "Team 45 45 League T27"]
[Site "Internet Chess Club"]
[Date "2005.07.29"]
[Round "6"]
[White "trevor21"]
[Black "Gregorio"]
[Result "0-1"]
[WhiteElo "2148"]
[BlackElo "2067"]
[TimeControl "2700+45"]

1. d4 Nf6 2. c4 g6 3. Nc3 d5 4. cxd5 Nxd5 5. e4 Nxc3 6. bxc3 Bg7 7. Be3 c5 8.
Qd2 O-O 9. Nf3 Qa5 10. Rc1 Bg4 11. Ng5 cxd4 12. cxd4 Qxd2+ 13. Kxd2 Nc6 14. h3
Bd7 15. Nf3 Rfd8 16. d5 Be8 17. Bd3 Nb4 18. Bc4 e6 19. d6 Rxd6+ 20. Ke2 Nc6 21.
Rb1 b6 22. Bb5 Rad8 23. Rhc1 Kf8 24. Rc2 Ne5 25. Nxe5 Bxe5 26. Bxe8 Kxe8 27. f4
Bd4 28. Rb3 Bxe3 29. Kxe3 Rd1 30. Rbc3 h5 31. Rc7 Re1+ 32. Re2 Rxe2+ 33. Kxe2
Rd7 34. Rc8+ Ke7 35. g4 hxg4 36. hxg4 f5 37. gxf5 gxf5 38. Ke3 Kd6 39. Kd4 fxe4
40. Kxe4 Rc7 41. Rh8 Rc4+ 42. Ke3 Rc2 43. a4 Ra2 44. Rd8+ Ke7 45. Rd4 Kf6 46.
Ke4 Ra1 47. Rc4 Re1+ 48. Kf3 a5 49. Rc6 Rb1 50. Rc8 Rb4 51. Rf8+ Ke7 52. Rb8 Kd6
53. Rd8+ Ke7 54. Rb8 Rxa4 55. Rxb6 Ra1 56. Ke4 Kf6 57. Rb8 Re1+ 58. Kf3 a4 59.
Rf8+ Ke7 60. Ra8 Ra1 61. Ke4 a3 62. Ke5 Re1+ 63. Kd4 Ra1 64. Ke5 a2 65. Ra7+ Kd8
66. Kf6 e5 67. f5 e4 68. Ke6 e3 69. f6 e2 70. Kd6 Rd1+ 71. Kc6 a1=Q 72. f7 Qc3+
73. Kb7 Rb1+ {White resigns} 0-1

[Event "Team 45 45 League T27"]
[Site "Internet Chess Club"]
[Date "2005.07.23"]
[Round "6"]
[White "Ruger"]
[Black "kokomo"]
[Result "1-0"]
[WhiteElo "2129"]
[BlackElo "2202"]
[TimeControl "2700+45"]

1. d4 Nf6 2. Nf3 c5 3. d5 g6 4. Nc3 Bg7 5. e4 d6 6. Be2 O-O 7. O-O Na6 8. h3 Nc7
9. a4 a6 10. a5 Nb5 11. Nd2 Nxc3 12. bxc3 e6 13. Bf3 Ne8 14. Ra3 Nc7 15. c4 e5
16. g4 f5 17. gxf5 gxf5 18. exf5 Bxf5 19. Bg4 Bxg4 20. hxg4 Rf4 21. Qe2 Qd7 22.
Rg3 Rf6 23. Ne4 Rg6 24. Kg2 Rf8 25. Rh1 h6 26. f3 Ne8 27. Rgh3 Nf6 28. Bxh6 Nxg4
29. Bxg7 Rxg7 30. fxg4 Rxg4+ 31. Qxg4+ Qxg4+ 32. Rg3 Rf4 33. Nf6+ {Black
resigns} 1-0

[Event "Team 45 45 League T27"]
[Site "Internet Chess Club"]
[Date "2005.07.21"]
[Round "6"]
[White "DeLaSalle"]
[Black "thunderchicken"]
[Result "1/2-1/2"]
[WhiteElo "2097"]
[BlackElo "2106"]
[TimeControl "2700+45"]

1. d4 Nf6 2. Nf3 e6 3. e3 d5 4. Bd3 c5 5. b3 Nc6 6. Bb2 Bd6 7. O-O O-O 8. a3 Qc7
9. dxc5 Bxc5 10. Bxf6 gxf6 11. Nd4 f5 12. Qh5 Qe7 13. Nxc6 bxc6 14. g4 Qf6 15.
gxf5 exf5 16. Nd2 Qg6+ 17. Qxg6+ fxg6 18. b4 Bd6 19. c4 Be6 20. c5 Be5 21. Rad1
Bf6 22. Nf3 a6 23. Nd4 Bd7 {Game drawn by mutual agreement} 1/2-1/2

[Event "Team 45 45 League T27"]
[Site "Internet Chess Club"]
[Date "2005.07.24"]
[Round "6"]
[White "DeepHmmm"]
[Black "Quoyle"]
[Result "1/2-1/2"]
[WhiteElo "2199"]
[BlackElo "2442"]
[TimeControl "2700+45"]

1. e4 e6 2. d4 d5 3. Nd2 a6 4. Ngf3 c5 5. c3 cxd4 6. cxd4 dxe4 7. Nxe4 Nd7 8.
Bd3 Ngf6 9. O-O Be7 10. Bf4 O-O 11. Rc1 Nxe4 12. Bxe4 Nf6 13. Bc7 Qe8 14. Bb1
Bd7 15. a3 Bc6 16. Ba2 Bd5 17. Bxd5 Nxd5 18. Qb3 Qb5 19. Qxb5 axb5 20. Bg3 Rfc8
21. Rfd1 f6 22. Nd2 Kf7 23. Nb3 Rc4 24. Nc5 b6 25. Ne4 Rd8 26. Rxc4 bxc4 27. f3
f5 28. Nc3 Nxc3 29. bxc3 Ra8 30. Rb1 Ra6 31. a4 Ke8 32. Bc7 Rxa4 33. Rxb6 Ra1+
34. Kf2 Ra2+ 35. Kf1 Kf7 36. Rc6 Ra4 37. Be5 Bf6 38. f4 h5 39. Kf2 h4 40. Kf3 g5
41. fxg5 Bxg5 42. Bd6 Bf6 43. g4 hxg3 44. hxg3 Ke8 45. Be5 Kd7 46. Rc7+ Kd8 47.
Rc6 Kd7 48. Rc5 Bd8 49. d5 exd5 50. Rxd5+ Ke6 51. Rxd8 Kxe5 52. Rc8 Kd5 53. Rd8+
{Game drawn by mutual agreement} 1/2-1/2

[Event "Team 45 45 League T27"]
[Site "Internet Chess Club"]
[Date "2005.07.24"]
[Round "6"]
[White "phoenix10q72"]
[Black "indiadar"]
[Result "1-0"]
[WhiteElo "2344"]
[BlackElo "2098"]
[TimeControl "2700+45"]

1. e4 e5 2. Bc4 Nf6 3. d3 c6 4. Nf3 d5 5. Bb3 Bd6 6. Nc3 dxe4 7. Ng5 O-O 8.
Ncxe4 Nxe4 9. Nxe4 Bf5 10. Qf3 Bxe4 11. dxe4 Nd7 12. Be3 a5 13. Rd1 Qc7 14. c3
Nc5 15. Bc2 b5 16. O-O Rfd8 17. Qh3 Bf8 18. Rxd8 Rxd8 19. f4 exf4 20. e5 g6 21.
Bxf4 Ne6 22. Bg3 Bc5+ 23. Kh1 Rd2 24. Bb3 Qd7 25. Be1 Re2 26. Qg4 Rxe5 27. Bg3
h5 28. Qh4 Re2 29. Qf6 Qe7 30. Qf3 Rxb2 31. Qxc6 Qf6 32. Qe8+ Kh7 33. Qxf7+ Qxf7
34. Rxf7+ Kh6 35. h4 Rb1+ 36. Kh2 Bg1+ 37. Kh3 Be3 38. Bxe6 Rh1+ 39. Bh2 Bg1 40.
Rf1 Rxh2+ 41. Kg3 Rh1 42. Kf3 g5 43. hxg5+ Kxg5 44. g3 h4 45. gxh4+ Rxh4 46.
Rxg1+ Kf6 47. Bg4 Rh7 48. Rg2 Rc7 49. Rc2 Rc4 50. Bd7 b4 51. Ke3 bxc3 52. Kd3
Rc5 53. Ba4 Ke6 54. Rxc3 Rh5 55. Bb3+ Kd6 56. Rc4 Rh3+ 57. Kc2 Rg3 58. Kb2 Rh3
59. Ka3 Rg3 60. Ka4 Rg5 61. Rc8 {Black resigns} 1-0

[Event "Team 45 45 League T27"]
[Site "Internet Chess Club"]
[Date "2005.07.24"]
[Round "6"]
[White "MiroslavR"]
[Black "megamaster"]
[Result "0-1"]
[WhiteElo "1945"]
[BlackElo "2269"]
[TimeControl "2700+45"]

1. e4 e5 2. Nf3 Nc6 3. Bb5 a6 4. Ba4 Nf6 5. d3 Be7 6. c3 b5 7. Bc2 O-O 8. Nbd2
d5 9. Qe2 Bg4 10. Nf1 dxe4 11. dxe4 Nh5 12. h3 Be6 13. Nxe5 Nxe5 14. Qxh5 Nd3+
15. Bxd3 Qxd3 16. Qe2 Qxe2+ 17. Kxe2 Bc4+ 18. Ke1 c5 19. Ne3 Bd3 20. Nd5 Bh4 21.
Be3 Bxe4 22. Nc7 Ra7 23. Nxb5 axb5 24. Bxc5 Bxg2 25. Rg1 Re8+ 26. Kd1 Rd7+ 27.
Kc2 Bxh3 28. Rae1 Bf5+ 29. Kc1 Bg5+ 30. Be3 Bxe3+ 31. fxe3 Rde7 32. Rg3 h5 33.
Kd2 {White resigns} 0-1

[Event "Team 45 45 League T27"]
[Site "Internet Chess Club"]
[Date "2005.07.24"]
[Round "6"]
[White "tgralex"]
[Black "DeepGlue"]
[Result "0-1"]
[WhiteElo "1811"]
[BlackElo "2021"]
[TimeControl "2700+45"]

1. e4 e6 2. d4 d5 3. Nf3 dxe4 4. Ng5 Nf6 5. f3 h6 6. Nxe4 Nxe4 7. fxe4 Qh4+ 8.
Kd2 Qxe4 9. c3 Be7 10. Qe2 Qxe2+ 11. Bxe2 c5 12. dxc5 Bxc5 13. Kc2 e5 14. b4
Bf5+ 15. Kb2 Bb6 16. Rf1 Bg6 17. Nd2 O-O 18. Bf3 Nc6 19. b5 Na5 20. Bd5 Rad8 21.
Bf3 Bd3 22. Re1 Rfe8 23. Ne4 f5 24. Ng3 g6 25. Bxh6 Bxb5 26. Bg5 Rd7 27. Rad1
Rxd1 28. Bxd1 Bd8 29. Bxd8 Rxd8 30. h4 Rd2+ 31. Ka3 Nc6 32. Bb3+ Kg7 33. c4 Ba6
34. Re2 Rd3 35. Nf1 Bxc4 36. Kb2 Rxb3+ {White resigns} 0-1

[Event "Team 45 45 League T27"]
[Site "Internet Chess Club"]
[Date "2005.07.22"]
[Round "6"]
[White "azbycx"]
[Black "Mikey29a"]
[Result "1/2-1/2"]
[WhiteElo "1773"]
[BlackElo "1687"]
[TimeControl "2700+45"]

1. d4 Nf6 2. c4 c5 3. d5 e6 4. Nc3 exd5 5. cxd5 d6 6. e4 g6 7. Bb5+ Bd7 8. Bd3
Bg7 9. Bg5 O-O 10. Nge2 Na6 11. Rc1 Nc7 12. a4 a6 13. Qb3 Rb8 14. a5 Qe7 15. O-O
h6 16. Bh4 g5 17. Bg3 Bb5 18. Nxb5 Nxb5 19. f3 b6 20. Qa4 Rfd8 21. Bxb5 axb5 22.
Qxb5 bxa5 23. Qxa5 Rxb2 24. Nc3 Nh5 25. Rb1 Rxb1 26. Rxb1 Nxg3 27. hxg3 Bxc3 28.
Qxc3 f6 29. Qa5 Re8 30. Qb5 Rd8 31. Qc6 Qd7 32. Qa6 Qc8 33. Qa7 Rd7 34. Qa1 Kf7
35. Rb2 Rb7 36. Ra2 Qb8 37. Kh2 Rb1 38. Ra7+ Kg6 39. Qa4 Rb7 40. Ra8 Qc7 41.
Qe8+ Qf7 42. Qh8 Qh7 43. Qe8+ Qf7 44. Qc6 Qd7 45. Rc8 h5 46. Qxd7 Rxd7 47. Rc6
Kf7 48. Kh3 Ke7 49. f4 Ra7 50. fxg5 fxg5 51. e5 dxe5 52. Re6+ Kd7 53. Rxe5 Ra1
54. Kh2 c4 55. Re6 c3 56. Rc6 Rc1 57. g4 h4 58. Re6 c2 59. Rc6 Ke8 60. Re6+ Kd7
61. Rc6 Ke8 62. Re6+ Kd8 63. Rc6 Kd7 64. Rc3 Kd6 65. Rc8 Kxd5 66. Rc7 Re1 67.
Rxc2 Re4 68. Rf2 Rxg4 69. Rf3 Ke4 70. Kh3 Rf4 71. Ra3 {Game drawn by mutual
agreement} 1/2-1/2

[Event "Team 45 45 League T27"]
[Site "Internet Chess Club"]
[Date "2005.07.21"]
[Round "6"]
[White "pumba"]
[Black "Smart"]
[Result "1-0"]
[WhiteElo "1516"]
[BlackElo "1572"]
[TimeControl "2700+45"]

1. e4 c5 2. Nc3 Nc6 3. f4 g6 4. Nf3 Bg7 5. Bb5 Nd4 6. Bc4 a6 7. a4 e6 8. d3 Ne7
9. O-O O-O 10. Ne2 d6 11. Nexd4 cxd4 12. Qe1 Bd7 13. Bd2 Qb6 14. Bb3 Rac8 15.
Qh4 Qd8 16. f5 exf5 17. Bh6 fxe4 18. Ng5 Nf5 19. Rxf5 Bxf5 20. Bxg7 h5 21. Bxf8
Kxf8 22. dxe4 Bxe4 23. Rf1 Bf5 24. Bxf7 Kg7 25. Qxd4+ Kh6 26. Ne6 Bxe6 27. Bxe6
Rxc2 28. Bf7 Kh7 29. Qd3 Qb6+ 30. Kh1 Qc7 31. Qxg6+ {Black resigns} 1-0

[Event "Team 45 45 League T27"]
[Site "Internet Chess Club"]
[Date "2005.07.23"]
[Round "6"]
[White "Creecher"]
[Black "Tomate"]
[Result "0-1"]
[WhiteElo "1494"]
[BlackElo "1415"]
[TimeControl "2700+45"]

1. d4 d5 2. c4 e6 3. Nc3 c5 4. e3 cxd4 5. exd4 Nf6 6. Bg5 Be7 7. h3 O-O 8. Nf3
h6 9. Bh4 b6 10. cxd5 exd5 11. Bd3 Bb7 12. O-O Re8 13. Re1 Nbd7 14. Qc2 Ne4 15.
Bxe7 Rxe7 16. Nxe4 dxe4 17. Bxe4 Bxe4 18. Rxe4 Rxe4 19. Qxe4 Nf6 20. Qe1 Qd6 21.
Rd1 Re8 22. Qd2 Ne4 23. Qd3 Nf6 24. a3 a5 25. Qc4 Nd5 26. Rc1 Nf4 27. Ne5 Re6
28. Kf1 Rf6 29. g3 Nd5 30. Rc2 Ne3+ 31. Ke2 Nxc4 32. Rxc4 b5 33. Rc8+ Kh7 {White
resigns} 0-1

[Event "Team 45 45 League T27"]
[Site "Internet Chess Club"]
[Date "2005.07.24"]
[Round "6"]
[White "az2112"]
[Black "jantonio"]
[Result "1-0"]
[WhiteElo "1665"]
[BlackElo "1660"]
[TimeControl "2700+45"]

1. e4 d6 2. d4 Nf6 3. Nc3 g6 4. f3 Bg7 5. Be3 O-O 6. Qd2 Nc6 7. g4 e5 8. d5 Nd4
9. Nce2 Nxf3+ 10. Nxf3 Nxe4 11. Qd3 Bxg4 12. Qxe4 f5 13. Qc4 Bxf3 14. Rg1 f4 15.
Bf2 e4 16. O-O-O e3 17. Be1 b5 18. Qb3 Be4 19. Nd4 Qe8 20. Ne6 Bh6 21. Nxf8 Qxf8
22. Bh3 f3 23. Be6+ Kh8 24. Bc3+ Bg7 25. Bxg7+ Qxg7 26. Qxe3 Qe5 27. Qd4 Qxd4
28. Rxd4 {Black resigns} 1-0

[Event "Team 45 45 League T27"]
[Site "Internet Chess Club"]
[Date "2005.07.22"]
[Round "6"]
[White "jmc860"]
[Black "Cantemir"]
[Result "1-0"]
[WhiteElo "1567"]
[BlackElo "1533"]
[TimeControl "2700+45"]

1. e4 c5 2. Nc3 b6 3. g3 Bb7 4. Bg2 Nc6 5. Nge2 e5 6. O-O Nf6 7. d3 Be7 8. f4
Qc7 9. f5 O-O-O 10. Bg5 h6 11. Bxf6 Bxf6 12. Nb5 Qb8 13. a3 a6 14. Nbc3 g5 15.
fxg6 Bg5 16. gxf7 Qd6 17. Nd5 Nd4 18. h4 Bxd5 19. exd5 Be7 20. Nxd4 exd4 21. Qf3
Rh7 22. Qf4 Qg6 23. Be4 Qg7 24. Bxh7 Qxh7 25. d6 Bf8 26. Qe4 Qxe4 27. dxe4 Bxd6
28. Kg2 Rf8 29. Rf6 Be7 30. Rxb6 Rxf7 31. Rxa6 d6 32. Rf1 Rg7 33. Kh3 Kb7 34.
Ra4 Kb8 35. b4 Kb7 36. bxc5 dxc5 37. Rb1+ Kc6 38. Ra6+ Kc7 39. Rxh6 Bd6 40. g4
Rf7 41. Kg2 Rf4 42. Rg6 Rxe4 43. Rg7+ Kc6 44. Rf1 Kb5 45. h5 Re3 46. Rf3 Re2+
47. Rf2 Re3 48. Kf1 Rxa3 49. h6 Ra1+ 50. Kg2 Ra8 51. Rgf7 Rg8 52. Kh3 Kc4 53. h7
Re8 54. R2f3 Be5 55. Rf8 Rxf8 56. Rxf8 Kc3 57. h8=Q Bxh8 58. Rxh8 Kxc2 59. Rd8
d3 60. g5 c4 61. g6 c3 62. g7 d2 63. g8=Q d1=Q 64. Rxd1 Kxd1 65. Qg1+ Kd2 66.
Qf2+ Kc1 67. Kg3 c2 68. Kf3 Kb1 69. Qb6+ Ka1 70. Qc5 Kb1 71. Qb4+ Ka1 72. Qa3+
Kb1 73. Qb3+ Kc1 74. Ke3 Kd1 75. Qd5+ Kc1 76. Kd3 Kb2 77. Qb5+ Kc1 78. Qb3 Kd1
79. Qxc2+ {Black resigns} 1-0

[Event "Team 45 45 League T27"]
[Site "Internet Chess Club"]
[Date "2005.07.24"]
[Round "6"]
[White "pokerram"]
[Black "bondguy01"]
[Result "1-0"]
[WhiteElo "1619"]
[BlackElo "1623"]
[TimeControl "2700+45"]

1. d4 Nf6 2. c4 g6 3. Nc3 d5 4. cxd5 Nxd5 5. e4 Nxc3 6. bxc3 Bg7 7. Be3 O-O 8.
Bc4 c5 9. e5 cxd4 10. cxd4 Nc6 11. Ne2 Na5 12. Bd3 f6 13. f4 fxe5 14. dxe5 Bf5
15. Nd4 Qd5 16. Bxf5 gxf5 17. O-O a6 18. Qh5 e6 19. Nf3 h6 20. Rfd1 Qe4 21. Bc5
Rfc8 22. Rd7 Rxc5 23. Qf7+ Kh8 24. Qxg7# {Black checkmated} 1-0

[Event "Team 45 45 League T27"]
[Site "Internet Chess Club"]
[Date "2005.07.23"]
[Round "6"]
[White "Just-Jim"]
[Black "AVEMARIA"]
[Result "1/2-1/2"]
[WhiteElo "1458"]
[BlackElo "1552"]
[TimeControl "2700+45"]

1. e4 c5 2. Bc4 d6 3. h3 Nf6 4. Nc3 e6 5. d3 a6 6. Bg5 Be7 7. Nf3 Nc6 8. a3 Qc7
9. O-O O-O 10. Re1 Re8 11. d4 cxd4 12. Nxd4 Bd7 13. Nxc6 Bxc6 14. Bxf6 Bxf6 15.
Qd3 Rad8 16. Ba2 Qb6 17. b4 Bd4 18. Qd2 Rc8 19. Rad1 Bxc3 20. Qxc3 Bxe4 21. Qg3
d5 22. c4 Red8 23. cxd5 Bxd5 24. Bc4 Rxc4 25. Re5 Qd6 26. Rdxd5 Qc7 27. Rxe6
Rc1+ 28. Kh2 Qxg3+ 29. Kxg3 fxe6 30. Rxd8+ Kf7 31. Rd7+ Kf6 32. Rxb7 Rc3+ 33.
Kg4 Rxa3 34. f4 Ra2 35. g3 Rb2 36. Rb6 a5 37. bxa5 Ra2 38. a6 Ra4 39. h4 h6 40.
Kh5 Ra5+ 41. Kg4 g5 42. hxg5+ hxg5 43. fxg5+ Rxg5+ 44. Kh4 Ra5 45. g4 Ra4 46.
Kh5 Ra5+ 47. Kh4 Ra4 48. Kh5 Ra5+ 49. Kh4 {Game drawn by repetition} 1/2-1/2

[Event "Team 45 45 League T27"]
[Site "Internet Chess Club"]
[Date "2005.07.25"]
[Round "6"]
[White "nightly"]
[Black "JaiHanuman"]
[Result "0-1"]
[WhiteElo "1827"]
[BlackElo "1968"]
[TimeControl "2700+45"]

1. d4 d5 2. Bg5 g6 3. e3 Bg7 4. c4 c6 5. Nc3 Nf6 6. Nf3 Bg4 7. cxd5 cxd5 8. Qa4+
Nc6 9. Bb5 Bd7 10. Bxf6 Bxf6 11. Nxd5 Bg7 12. Nb4 Nxb4 13. Qxb4 O-O 14. Bxd7
Qxd7 15. O-O Rfe8 16. Rac1 e6 17. Rc2 Rec8 18. Rfc1 Rxc2 19. Rxc2 Rc8 20. Rxc8+
Qxc8 21. Qc3 Qd7 22. b3 Qb5 23. Qc8+ Bf8 24. Ne5 Qb4 25. h3 Kg7 26. Nd3 Qd2 27.
Qc4 Qxa2 28. Ne5 Qb1+ 29. Kh2 Bd6 30. g3 Bxe5 31. dxe5 Qf5 32. Qf4 Qxf4 33. exf4
a5 34. Kg2 b5 35. Kf3 a4 36. bxa4 bxa4 37. Ke3 a3 {White resigns} 0-1

[Event "Team 45 45 League T27"]
[Site "Internet Chess Club"]
[Date "2005.07.24"]
[Round "6"]
[White "donking"]
[Black "jongalt97"]
[Result "1-0"]
[WhiteElo "1828"]
[BlackElo "1731"]
[TimeControl "2700+45"]

1. c4 Nf6 2. Nc3 d5 3. cxd5 Nxd5 4. Nf3 Nxc3 5. bxc3 e6 6. g3 b6 7. Bg2 Bb7 8.
O-O Bd6 9. d4 O-O 10. Qc2 f5 11. Bg5 Qe8 12. c4 c5 13. Rad1 h6 14. Be3 Be4 15.
Qc3 Na6 16. dxc5 Bxc5 17. Bxc5 Nxc5 18. Rd6 Rd8 19. Rfd1 Rxd6 20. Rxd6 Qe7 21.
Qd4 Rc8 22. Ne5 Bxg2 23. Kxg2 g5 24. f3 Kh7 25. Nd7 Kg6 26. Nxc5 Rxc5 27. g4 f4
28. Rd7 Qf6 29. Qd3+ {Black forfeits on time} 1-0

[Event "Team 45 45 League T27"]
[Site "Internet Chess Club"]
[Date "2005.07.25"]
[Round "6"]
[White "DavidBarnsley"]
[Black "Zillmer"]
[Result "1-0"]
[WhiteElo "2038"]
[BlackElo "2124"]
[TimeControl "2700+45"]

1. d4 d5 2. e4 dxe4 3. Nc3 e5 4. dxe5 Qxd1+ 5. Nxd1 Nc6 6. Bf4 Nge7 7. Bb5 Bd7
8. Nc3 Ng6 9. Nge2 Nxf4 10. Nxf4 Nxe5 11. Bxd7+ Nxd7 12. Nxe4 h6 13. O-O-O f5
14. Ng6 Rg8 15. Ng3 {Black resigns} 1-0

[Event "Team 45 45 League T27"]
[Site "Internet Chess Club"]
[Date "2005.07.23"]
[Round "6"]
[White "Egmont"]
[Black "room-matt"]
[Result "0-1"]
[WhiteElo "1817"]
[BlackElo "1822"]
[TimeControl "2700+45"]

1. e4 e5 2. Nf3 Nc6 3. Bb5 Bc5 4. c3 f5 5. d4 fxe4 6. Bxc6 dxc6 7. Nxe5 Bd6 8.
Qh5+ g6 9. Qe2 Qh4 10. Be3 Nf6 11. Nd2 Be6 12. Ndc4 O-O-O 13. O-O-O Nd5 14. Qd2
Nxe3 15. Qxe3 Bxe5 16. Nxe5 Bxa2 17. c4 Rhf8 18. Qa3 Qg5+ 19. Rd2 Rxf2 20. Rd1
a6 21. h4 Qxh4 22. Rxf2 Qxf2 23. Qxa2 e3 24. c5 e2 25. Qe6+ Kb8 26. Nd7+ Ka7 27.
Rh1 h5 28. b4 Qxd4 {White resigns} 0-1

[Event "Team 45 45 League T27"]
[Site "Internet Chess Club"]
[Date "2005.07.25"]
[Round "6"]
[White "rph"]
[Black "NFK"]
[Result "1-0"]
[WhiteElo "1850"]
[BlackElo "1707"]
[TimeControl "2700+45"]

1. d4 Nf6 2. c4 c5 3. d5 b5 4. cxb5 a6 5. bxa6 Bxa6 6. Nc3 d6 7. g3 g6 8. Bg2
Bg7 9. Rb1 O-O 10. b3 Nbd7 11. Bb2 Qc7 12. Nf3 Rfb8 13. O-O c4 14. Qc2 cxb3 15.
axb3 Nxd5 16. Rfc1 Nb4 17. Qd2 Nc5 18. Nd5 Nxd5 19. Bxg7 Kxg7 20. Qxd5 Bb7 21.
Qd4+ f6 22. b4 Bxf3 23. Bxf3 Ra4 24. Qd2 Raxb4 25. Rxb4 Qa5 26. Rb2 {Black
resigns} 1-0